 Dungeon Crawl Stone Soup version 0.15.0-34-g666c3a1 (webtiles) character file.

326823 Johnny the Conjurer (level 19, -14/162 HPs)
             Began as a Demigod Conjurer on Sept 13, 2014.
             Hit by a large rock thrown by a stone giant (26 damage)
             ... on Level 2 of the Vaults on Sept 14, 2014.
             The game lasted 07:35:38 (99982 turns).

Johnny the Conjurer (Demigod Conjurer)             Turns: 99982, Time: 07:35:39

HP -14/162       AC 25     Str 11      XL: 19   Next: 95%
MP  14/48        EV 18     Int 37      God:
Gold 2397        SH  0     Dex 18      Spells: 10 memorised,  4 levels left

rFire  . . .     SeeInvis .     i - +9 cutlass (protect)
rCold  . . .     Clarity  .     W - +4 ring mail {rN+}
rNeg   + . .     rCorr    .     (no shield)
rPois  +         rRot     .     X - +2 hat
rElec  .         Spirit   .     E - +0 cloak
SustAb .         Warding  .     A - +2 pair of gloves
rMut   .         Stasis   .     Y - +1 pair of boots of Unambiguity {+Inv +Fly rPois}
Gourm  +                        f - amulet of the gourmand
MR     +....                    s - ring of magical power
                                P - ring "Lesk" {Dex+1 Int+3 Slay+6}

@: brilliant, marked, slightly contaminated, hasted, glowing, very quick,
somewhat resistant to hostile enchantments, unstealthy
A: clumsy 1, weak 1
a: Evoke Invisibility, Evoke Flight
}: 2/15 runes: barnacled, gossamer


You were on level 2 of the Vaults.
You were not hungry.

You visited 7 branches of the dungeon, and saw 41 of its levels.
You visited 1 bazaar.
You also visited: Ice Cave.

You collected 4468 gold pieces.
You spent 2071 gold pieces at shops.

Inventory:

Hand weapons
 i - a +9 cutlass of protection (weapon)
 y - the +5 trident of Ligarool {flame, rF+}
   (You took it off an ogre mage on level 1 of the Vaults)

   It emits flame when wielded, causing extra injury to most foes and up to
   double damage against particularly susceptible opponents.
   It protects you from fire.
Armour
 A - a +2 pair of gloves (worn)
 E - a +0 cloak (worn)
 W - a +4 ring mail of positive energy (worn)
 X - a +2 hat (worn)
 Y - the +1 pair of boots of Unambiguity (worn) {+Inv +Fly rPois}
   (You acquired it on level 6 of the Lair of Beasts)

   It protects you from poison.
   It lets you turn invisible.
   It lets you fly.
Magical devices
 d - a wand of lightning (0)
 o - a wand of disintegration (0)
 u - a wand of draining (0)
 z - a wand of disintegration (0)
 R - a wand of hasting (5)
 V - a wand of digging (10)
Comestibles
 c - 3 meat rations
 n - 10 beef jerkies
 q - 8 royal jellies
 D - 2 fruits
 M - 8 bread rations
Scrolls
 g - 7 scrolls of fog
 m - 9 scrolls of magic mapping
 r - 3 scrolls of immolation
 t - 12 scrolls of remove curse
 v - 5 scrolls of amnesia
 w - 6 scrolls of identify
 L - a scroll of holy word
 N - a scroll of silence
 S - 4 scrolls of enchant armour
Jewellery
 f - an amulet of the gourmand (around neck)
 l - an uncursed ring of protection from magic
 p - the amulet of the Moon {Clar Int+1}
   (You bought it in a shop on level 4 of the Orcish Mines)

   [amulet of clarity]

   It provides mental clarity.
   It affects your intelligence (+1).
 s - a ring of magical power (right hand)
 H - an uncursed ring of wizardry
 P - the ring "Lesk" (left hand) {Dex+1 Int+3 Slay+6}
   (You found it on level 4 of the Lair of Beasts)

   [ring of slaying]

   It affects your intelligence (+3).
   It affects your dexterity (+1).
   It affects your accuracy and damage with ranged weapons and melee attacks
   (+6).
 T - an uncursed ring of stealth
 U - the ring of Hoemum {SustAb rF+ Stlth++}
   (You took it off a merfolk aquamancer on level 5 of the Shoals)

   [ring of sustain abilities]

   It sustains your strength, intelligence and dexterity.
   It protects you from fire.
   It makes you much more stealthy.
Potions
 a - 2 potions of brilliance
 h - 7 potions of restore abilities
 j - a potion of cancellation
 x - 3 potions of curing
 I - a potion of porridge
 K - a potion of resistance
 Q - 3 potions of flight
Books
 J - a book of Changes

   Spells                             Type                      Level
   Beastly Appendage                  Transmutation                1
   Sticks to Snakes                   Transmutation                2
   Spider Form                        Transmutation/Poison         3
   Ice Form                           Ice/Transmutation            4
   Blade Hands                        Transmutation                5
Miscellaneous
 B - a crystal ball of energy


   Skills:
 * Level 12.6 Fighting
 + Level 9.3 Armour
 * Level 12.8 Dodging
 + Level 10.0 Stealth
 * Level 12.0 Spellcasting
 * Level 13.4 Conjurations
 + Level 7.0 Hexes
 * Level 11.8 Charms
 + Level 7.6 Translocations
 * Level 9.6 Ice Magic
 + Level 7.6 Air Magic
 * Level 7.3 Earth Magic
 + Level 8.2 Evocations


You had 4 spell levels left.
You knew the following spells:

 Your Spells              Type           Power        Failure   Level  Hunger
a - Magic Dart            Conj           ####         0%          1    None
b - Lee's Rapid Deconstr  Erth           #######...   1%          5    None
c - Dazzling Spray        Conj/Hex       #######.     1%          3    None
d - Iskenderun's Mystic   Conj           #######.     1%          4    None
e - Iskenderun's Battles  Conj/Chrm      #######.     1%          5    None
f - Flight                Chrm/Air       #######...   1%          3    None
g - Blink                 Tloc           N/A          1%          2    None
h - Metabolic Englaciati  Hex/Ice        #######...   1%          5    None
i - Haste                 Chrm           #######.     1%          6    ###....
j - Cause Fear            Hex            #######...   1%          4    None


Dungeon Overview and Level Annotations

Branches:
Dungeon (15/15)            Temple (0/1) D:7             Orc (4/4) D:10
    Elf (2/3) Orc:3          Lair (8/8) D:11         Shoals (5/5) Lair:3
 Spider (5/5) Lair:5        Slime (0/6) Lair:6       Vaults (2/5) D:13
 Depths (0/5) D:15
  Crypt: Vaults:2-3

Shops:
D:5 %   Orc:2 (   Orc:4 *=(*[   Elf:2 [   Shoals:3 (   Shoals:4 *   Vaults:2 !

Portals:
Hell: Lair:8
Trove: D:13 (give +5 ice dragon armour)

Annotations:
D:7 kaze's ghost, experienced GrEE
Elf:2 Louise


Innate Abilities, Weirdness & Mutations

You are clumsy. (Dex -2)
You are weak. (Str -2)


Message History

Casting: Haste
Confirm with . or Enter, or press ? or * to list all spells.
The ironheart preserver looks frightened!
The vault sentinel looks frightened!
The deep elf knight resists with almost no effort.
The stone giant resists with almost no effort.
The deep elf knight easily resists.
The vault warden easily resists.
The ogre looks frightened!
The ironheart preserver resists.
The deep elf fighter looks frightened!
The yaktaur looks frightened!
The yaktaur looks frightened!
The vault warden shoots a bolt.
The bolt hits you!!
* * * LOW HITPOINT WARNING * * *
The bolt burns you!
* * * LOW HITPOINT WARNING * * *
The deep elf knight closely misses you.
The deep elf knight's eyes start to glow.
Drink which item? (? for menu, Esc to quit)
Okay, then.
The stone giant throws a large rock.
The large rock hits you!!
You die...

###?)#######e)#..[...))).....
#. . #.p#.....#)....#.. ...
#..#.#.#p#)#.#.#..
...c.#e.#.....#.....# .
..c.#.p#..#..p..#.....
.....'..#e.#.#.#.#.#.#.
#######C.(..#.....#.....
..........'.(............
........@.############# #
###########


You could see a stone giant, a vault warden, an ironheart preserver, 2 deep elf
knights and a deep elf fighter (fleeing).

Vanquished Creatures
  Nikola (Shoals:1)
  Arachne (Spider:2)
  Asterion (Shoals:1)
  2 krakens (Shoals:2)
  Rupert (Elf:1)
  Agnes (Vaults:1)
  Frances (Shoals:3)
  Kirke (Spider:1)
  Ilsuiw (Shoals:5)
  A fire giant (D:15)
  Donald (Spider:1)
  3 ghost moths
  An orc warlord (Orc:4)
  Aizul (Spider:4)
  2 vault wardens (Vaults:1)
  7 emperor scorpions
  A deep elf sorcerer (Elf:2)
  Gastronok (Lair:2)
  The ghost of EvilAshe the Nimble, a powerful DEFE of Kikubaaqudgha (Lair:8)
  3 stone giants
  A deep elf annihilator (Vaults:1)
  Azrael (Spider:2)
  A dire elephant (Lair:8)
  An ettin (Orc:4)
  Snorg (D:15)
  A deep elf death mage (Vaults:2)
  7 vault guards
  5 merfolk javelineers
  A fire dragon (Vaults:1)
  9 merfolk impalers
  Josephine (Shoals:1)
  3 yaktaur captains
  12 hydras
  Fannar (Lair:5)
  6 ironheart preservers
  An ice dragon (Vaults:1)
  Nessos (Spider:1)
  A ravenous feature mimic (Shoals:3)
  5 sirens
  An alligator snapping turtle (Shoals:3)
  3 merfolk aquamancers (Shoals:5)
  5 satyrs
  6 centaur warriors
  4 ogre magi
  A tengu warrior (D:15)
  The ghost of cribozai the Conjurer, a powerful DEFE (Lair:2)
  24 death yaks
  Urug (Orc:3)
  A catoblepas (D:15)
  6 orc high priests
  Nergalle (Orc:4)
  7 hell knights (D:11)
  A sun demon (Lair:8)
  2 ice devils (IceCv)
  32 orb spiders
  3 fire crabs
  4 unseen horrors
  The ghost of SaintRoka the Archer, an experienced CeWr (D:6)
  2 wizards
  15 sea snakes
  8 ironbrand convokers
  2 ice statues (IceCv)
  5 deep elf summoners
  8 hill giants
  3 deep elf knights
  11 orc knights
  15 harpies
  8 griffons
  A giant orange brain (Vaults:1)
  6 orc sorcerers
  3 deep elf conjurers (Elf:1)
  11 cyclopes
  9 oklob plants (Lair:4)
  10 water nymphs
  A red wasp (shapeshifter) (D:12)
  50 wolf spiders
  13 manticores
  A necromancer (D:11)
  18 ugly things
  2 moths of wrath
  5 red wasps
  A smoke demon (Lair:8)
  7 elephants
  17 fauns
  2 centaur zombies
  An eye of devastation (shapeshifter) (Vaults:2)
  15 mermaids
  5 black mambas
  3 gargoyles
  5 torpor snails
  5 orange demons
  A sea snake zombie (Shoals:1)
  19 spiny frogs
  The ghost of Rhoefr the Slasher, an experienced FoDK of Yredelemnul (D:4)
  3 vault sentinels
  2 tengu conjurers (D:13)
  4 kobold demonologists
  20 komodo dragons
  A fire drake (Lair:2)
  17 yaktaurs
  23 demonic crawlers
  A queen bee (D:9)
  A hellwing (Lair:8)
  13 blue devils
  3 red devils
  6 deep elf priests
  A human zombie (D:13)
  2 freezing wraiths
  28 jumping spiders
  A polar bear (Lair:3)
  5 trolls
  Sonja (D:14)
  3 wind drakes
  43 merfolk
  8 two-headed ogres
  14 blink frogs
  15 slime creatures
  A trapdoor spider zombie (D:13)
  A hydra skeleton (D:15)
  A slime creature (shapeshifter) (Vaults:2)
  5 boulder beetles
  5 ravens
  12 snapping turtles
  4 shadows (D:13)
  2 wraiths
  23 trapdoor spiders
  47 redbacks
  A basilisk (shapeshifter) (Vaults:2)
  3 hogs (Spider:1)
  6 basilisks
  A wyvern (shapeshifter) (D:13)
  3 spriggans
  41 tarantellas
  4 water elementals
  A steam dragon (D:10)
  12 deep elf magi
  2 wyverns (D:13)
  91 yaks
  A human (shapeshifter) (D:15)
  2 humans (D:13)
  2 hungry ghosts
  5 fire elementals
  7 deep elf fighters
  2 hill giant skeletons (D:13)
  12 swamp worms (Spider:5)
  10 vampire mosquitoes
  A golden eye (shapeshifter) (Vaults:2)
  17 hippogriffs
  20 wolves
  A soldier ant (D:14)
  Edmund (D:8)
  14 water moccasins
  2 mottled dragons
  3 wargs
  A water nymph zombie (Shoals:1)
  A tengu skeleton (D:15)
  A spider (shapeshifter) (Vaults:1)
  A merfolk skeleton (Shoals:1)
  11 hell hounds
  A human skeleton (D:14)
  12 porcupines
  37 spiders
  7 ice beasts
  5 sky beasts
  53 orc warriors
  4 yellow wasps
  4 boggarts (Vaults:2)
  A black bear (Lair:3)
  A manticore skeleton (Shoals:1)
  A snapping turtle skeleton (Shoals:1)
  30 ogres
  4 boring beetles
  A boring beetle (shapeshifter) (Vaults:2)
  15 crocodiles
  26 centaurs
  8 big kobolds
  2 brain worms
  A gnoll sergeant (D:11)
  25 giant frogs
  5 scorpions
  3 cyclops skeletons
  2 tengu zombies
  2 eyes of draining
  47 killer bees
  2 electric eels
  8 wights (D:11)
  A vampire bat (Lair:1)
  7 crimson imps
  A gnoll shaman (D:6)
  A goliath beetle (D:10)
  43 orc priests
  A basilisk zombie (D:13)
  A giant frog zombie (D:5)
  20 jellies
  A kobold zombie (D:11)
  15 hounds
  13 iguanas
  46 orc wizards
  10 worker ants
  45 sheep
  A crocodile skeleton (D:10)
  A big kobold skeleton (D:5)
  A hound skeleton (D:5)
  A mummy (D:7)
  18 gnolls
  68 green rats
  6 orc zombies
  3 shadow imps
  31 adders
  3 giant mites
  21 white imps
  9 worms
  A goliath beetle zombie (D:5)
  5 ufetubi
  An iguana skeleton (D:5)
  8 oozes
  203 orcs
  23 bats
  6 giant cockroaches
  12 hobgoblins
  7 jackals
  12 quokkas
  3 ball pythons
  5 giant geckos
  5 giant newts
  2 giant spores
  10 goblins
  A jackal skeleton (D:5)
  A jackal zombie (D:6)
  40 kobolds
  5 orc skeletons
  21 rats
  2 spectral orcs (Orc:4)
  2 ballistomycetes
  2 crawling corpses (Vaults:2)
  2 fungi
  5 plants
  11 tentacles (Shoals:2)
2150 creatures vanquished.

Vanquished Creatures (collateral kills)
  A death yak (Lair:7)
  A faun (Shoals:3)
  2 ugly things (Vaults:2)
  A water moccasin (Lair:7)
5 creatures vanquished.

Vanquished Creatures (others)
  An ogre mage (Vaults:2)
  A wizard (Vaults:2)
  A manticore (Shoals:5)
  A wolf spider (Spider:4)
  A spiny frog (shapeshifter) (Vaults:2)
  A deep elf mage (D:10)
  A trapdoor spider (Spider:5)
  A water moccasin (Lair:7)
  2 spiders (Spider:5)
  A boggart (Vaults:2)
  An ogre (Vaults:1)
  2 lost souls (Vaults:2)
  A giant frog (D:13)
  A crocodile (Lair:7)
  An adder (Lair:7)
  2 giant mites (Spider:5)
  3 white imps (IceCv)
  2 ufetubi (IceCv)
  16 fungi
  15 plants
  30 tentacles (Shoals:2)
  456 tentacle segments (Shoals:2)
541 creatures vanquished.

Grand Total: 2696 creatures vanquished

Notes
Turn   | Place    | Note
--------------------------------------------------------------
     0 | D:1      | Johnny, the Demigod Conjurer, began the quest for the Orb.
     0 | D:1      | Reached XP level 1. HP: 14/14 MP: 3/3
   643 | D:1      | Reached XP level 2. HP: 19/22 MP: 0/4
   951 | D:1      | Reached skill level 1 in Fighting
  1172 | D:1      | Reached XP level 3. HP: 24/28 MP: 8/8
  2536 | D:3      | Noticed a giant frog
  2541 | D:3      | Killed a giant frog
  2541 | D:3      | Reached skill level 1 in Armour
  2541 | D:3      | Reached skill level 4 in Conjurations
  2541 | D:3      | Reached XP level 4. HP: 34/36 MP: 11/11
  2620 | D:3      | Learned a level 2 spell: Searing Ray
  2624 | D:3      | Learned a level 3 spell: Dazzling Spray
  3032 | D:4      | Reached XP level 5. HP: 31/41 MP: 5/12
  3149 | D:4      | Noticed Rhoefr's ghost (experienced FoDK)
  3420 | D:5      | Entered Level 5 of the Dungeon
  4150 | D:5      | Found Thruxtiw's Food Emporium.
  4210 | D:5      | Reached XP level 6. HP: 36/50 MP: 13/16
  5200 | D:4      | Killed Rhoefr's ghost
  5200 | D:4      | Reached XP level 7. HP: 31/57 MP: 0/19
  5241 | D:4      | Reached skill level 5 in Conjurations
  5688 | D:4      | Learned a level 5 spell: Iskenderun's Battlesphere
  5843 | D:6      | Noticed SaintRoka's ghost (experienced CeWr)
  5889 | D:6      | Killed SaintRoka's ghost
  5889 | D:6      | Reached XP level 8. HP: 35/66 MP: 1/21
  7047 | D:7      | Found a staircase to the Ecumenical Temple.
  7214 | D:7      | Reached skill level 5 in Dodging
  7340 | D:7      | Reached skill level 6 in Conjurations
  7467 | D:7      | Noticed kaze's ghost (experienced GrEE)
  7772 | D:8      | Reached skill level 5 in Fighting
  7772 | D:8      | Reached XP level 9. HP: 72/74 MP: 15/23
  8540 | D:8      | Noticed Edmund
  8553 | D:8      | Killed Edmund
  8672 | D:8      | Reached skill level 5 in Spellcasting
 10106 | D:9      | Reached skill level 7 in Conjurations
 10106 | D:9      | Reached XP level 10. HP: 34/83 MP: 3/26
 11349 | D:10     | Entered Level 10 of the Dungeon
 11510 | D:10     | You fall through a shaft for 3 floors!
 11657 | D:13     | Noticed a white ugly thing
 11667 | D:13     | Killed a white ugly thing
 11781 | D:13     | Noticed a centaur warrior
 11805 | D:13     | Noticed a green ugly thing
 11811 | D:13     | Noticed a purple ugly thing
 12093 | D:11     | Noticed a hill giant
 12109 | D:12     | Reached skill level 5 in Stealth
 12947 | D:11     | Noticed a hill giant
 12960 | D:12     | Killed a hill giant
 13413 | D:12     | Noticed a green ugly thing
 13430 | D:12     | Killed a green ugly thing
 13927 | D:12     | Reached XP level 11. HP: 87/91 MP: 28/28
 13962 | D:12     | Learned a level 4 spell: Iskenderun's Mystic Blast
 14420 | D:10     | Reached skill level 8 in Conjurations
 14519 | D:10     | Noticed a hill giant
 14529 | D:10     | Killed a hill giant
 14529 | D:10     | Reached skill level 5 in Armour
 14768 | D:10     | Found a staircase to the Orcish Mines.
 14816 | D:10     | Reached skill level 5 in Charms
 15653 | D:10     | Killed an unseen horror
 16534 | D:11     | Killed a hill giant
 16768 | D:11     | Noticed a hell knight
 16773 | D:11     | Noticed a hell knight
 16776 | D:11     | Noticed a hell knight
 16779 | D:11     | Noticed a hell knight
 16780 | D:11     | Noticed a necromancer
 16780 | D:11     | HP: 1/92 [necromancer/bolt of fire (22)]
 18159 | D:11     | Killed an unseen horror
 18588 | D:11     | Found a staircase to the Lair.
 18681 | D:11     | Learned a level 2 spell: Blink
 18698 | D:11     | Noticed a cyclops
 18702 | D:11     | Killed a cyclops
 19739 | D:11     | Killed a hell knight
 19739 | D:11     | Reached XP level 12. HP: 101/101 MP: 12/30
 19966 | Lair:1   | Entered Level 1 of the Lair of Beasts
 20178 | Lair:1   | Learned a level 3 spell: Flight
 20183 | Lair:1   | Learned a level 4 spell: Cause Fear
 20265 | Lair:1   | Reached skill level 9 in Conjurations
 20784 | Lair:1   | Reached skill level 1 in Hexes
 20820 | Lair:1   | Noticed a six-headed hydra
 20827 | Lair:1   | Killed a six-headed hydra
 20827 | Lair:1   | Reached skill level 1 in Evocations
 21046 | Lair:1   | Noticed a four-headed hydra
 21060 | Lair:1   | Killed a four-headed hydra
 21108 | Lair:1   | Reached skill level 1 in Air Magic
 21292 | Lair:1   | Reached skill level 1 in Translocations
 22441 | Lair:2   | Found a frozen archway.
 22492 | IceCv    | Entered an ice cave
 23861 | IceCv    | Got an iridescent demon blade
 24271 | Lair:2   | Identified the +5 demon blade "Lueclyso" {freeze, Noisy Dex+1 Curse} (You found it in an ice cave)
 24345 | Lair:2   | Reached XP level 13. HP: 47/108 MP: 14/31
 24763 | Lair:2   | Noticed cribozai's ghost (powerful DEFE)
 24770 | Lair:2   | Killed cribozai's ghost
 25044 | Lair:2   | Noticed Gastronok
 25053 | Lair:2   | Killed Gastronok
 28118 | Lair:3   | Found a staircase to the Shoals.
 29028 | Lair:4   | Reached skill level 10 in Conjurations
 29731 | Lair:4   | Got a vibrating pewter ring
 29734 | Lair:4   | Identified the ring "Lesk" {Dex+1 Int+3 Slay+6} (You found it on level 4 of the Lair of Beasts)
 30213 | Lair:4   | HP: 3/111 [death yak (22)]
 30927 | Lair:4   | Reached XP level 14. HP: 118/118 MP: 11/32
 31814 | Lair:5   | Learned a level 6 spell: Haste
 31816 | Lair:5   | Noticed Fannar
 32226 | Lair:6   | Identified a scroll of acquirement
 32229 | Lair:6   | Got a pair of shimmering boots
 32240 | Lair:6   | Identified the +1 pair of boots of Unambiguity {+Inv +Fly rPois} (You acquired it on level 6 of the Lair of Beasts)
 32392 | Lair:6   | Learned a level 5 spell: Metabolic Englaciation
 32610 | Lair:6   | Found a staircase to the Slime Pits.
 33707 | Lair:5   | Killed Fannar
 33941 | Lair:5   | Reached skill level 1 in Ice Magic
 35399 | Lair:5   | Found a hole to the Spider Nest.
 35457 | Lair:6   | Got a crude falchion
 35458 | Lair:6   | Identified the +6 falchion of Schauz {slice, rElec} (You found it on level 6 of the Lair of Beasts)
 36220 | Lair:7   | Reached skill level 10 in Dodging
 36643 | Lair:8   | Entered Level 8 of the Lair of Beasts
 37237 | Lair:7   | Reached skill level 5 in Evocations
 38517 | Lair:8   | Noticed EvilAshe's ghost (powerful DEFE)
 39640 | Lair:8   | Reached XP level 15. HP: 112/126 MP: 21/34
 39647 | Lair:8   | Reached skill level 10 in Fighting
 39907 | Lair:8   | Gained mutation: You heal slowly when monsters are visible. [potion of mutation]
 39907 | Lair:8   | Gained mutation: Your muscles are strong. (Str +2) [potion of mutation]
 39907 | Lair:8   | Gained mutation: You are agile. (Dex +2) [potion of mutation]
 39908 | Lair:8   | Lost mutation: Your muscles are strong. (Str +2) [potion of cure mutation]
 39908 | Lair:8   | Lost mutation: You are agile. (Dex +2) [potion of cure mutation]
 39908 | Lair:8   | Lost mutation: You heal slowly when monsters are visible. [potion of cure mutation]
 40812 | Lair:8   | Reached skill level 11 in Conjurations
 41157 | Lair:8   | Killed EvilAshe's ghost
 41716 | Lair:8   | Found a burning altar of Makhleb.
 42699 | Lair:8   | Found a gateway to Hell.
 43368 | Orc:1    | Entered Level 1 of the Orcish Mines
 43725 | Orc:2    | Found Pruojol's Weapon Emporium.
 43846 | Orc:1    | Gained mutation: You are dopey. (Int -2) [mutagenic glow]
 44805 | Orc:3    | Found a burning altar of Makhleb.
 44843 | Orc:3    | Found a staircase to the Elven Halls.
 45463 | Orc:3    | Noticed Urug
 45475 | Orc:3    | Killed Urug
 46069 | Orc:4    | Entered Level 4 of the Orcish Mines
 46267 | Orc:4    | Found Untanemo's Assorted Antiques.
 46268 | Orc:4    | Found a roughly hewn altar of Beogh.
 46284 | Orc:4    | Bought a scroll of fog for 70 gold pieces
 46369 | Orc:4    | Noticed Nergalle
 46664 | Orc:4    | Killed Nergalle
 47090 | Orc:4    | Reached skill level 5 in Translocations
 48649 | Orc:4    | Reached skill level 10 in Spellcasting
 48652 | Orc:4    | Found Pifuonk's General Store.
 48682 | Orc:4    | Found Tralel's Antique Armour Emporium.
 48684 | Orc:4    | Found Klashrag's Antique Weapon Emporium.
 48685 | Orc:4    | Found Uxuabiw's Jewellery Shoppe.
 49369 | Orc:3    | Reached skill level 5 in Ice Magic
 49383 | Elf:1    | Entered Level 1 of the Elven Halls
 49845 | Elf:1    | Reached skill level 5 in Air Magic
 50090 | Elf:1    | Noticed Rupert
 50146 | Elf:1    | Paralysed by Rupert for 6 turns
 50161 | Elf:1    | Killed Rupert
 50205 | Elf:1    | Gained mutation: You are clumsy. (Dex -2) [mutagenic glow]
 50834 | Elf:1    | Learned a level 5 spell: Lee's Rapid Deconstruction
 50891 | Elf:2    | Found Clallaip's Antique Armour Boutique.
 50955 | Elf:2    | Bought a faintly humming cloak for 332 gold pieces
 50970 | Elf:2    | Identified the cursed -2 cloak of Negation {SInv} (You bought it in a shop on level 2 of the Elven Halls)
 51359 | Elf:2    | Reached XP level 16. HP: 136/136 MP: 21/35
 51475 | Elf:2    | Gained mutation: Your spells are a little easier to cast, but a little less powerful. [potion of mutation]
 51475 | Elf:2    | Gained mutation: You are weak. (Str -2) [potion of mutation]
 51478 | Elf:2    | Lost mutation: You are dopey. (Int -2) [potion of cure mutation]
 51478 | Elf:2    | Lost mutation: Your spells are a little easier to cast, but a little less powerful. [potion of cure mutation]
 51486 | Elf:2    | Noticed Louise
 51516 | Elf:2    | Paralysed by miscasting Haste for 2 turns
 51830 | Orc:4    | Bought the amulet of the Moon {Clar Int+1} for 465 gold pieces
 52201 | Shoals:1 | Entered Level 1 of the Shoals
 52367 | Shoals:1 | Noticed Nikola
 52593 | Shoals:1 | Reached skill level 1 in Earth Magic
 52880 | Shoals:1 | Killed Nikola
 53216 | Shoals:1 | Noticed Josephine
 53494 | Shoals:1 | Killed Josephine
 53519 | Shoals:1 | Noticed Asterion
 53905 | Shoals:1 | Noticed a spectral weapon
 54070 | Shoals:1 | Killed Asterion
 55589 | Shoals:2 | Reached skill level 5 in Hexes
 57722 | Shoals:3 | Found Erhyge's Antique Weapon Shop.
 58206 | Shoals:3 | Noticed Frances
 58216 | Shoals:3 | Killed Frances
 58547 | Shoals:3 | Got a slimy ring mail
 58558 | Shoals:3 | Identified the +0 ring mail of Follow the Leader {Slay+5} (You found it on level 3 of the Shoals)
 58916 | Shoals:4 | Reached skill level 12 in Conjurations
 59897 | Shoals:4 | Reached skill level 10 in Charms
 59897 | Shoals:4 | Reached XP level 17. HP: 108/144 MP: 23/36
 60692 | Shoals:4 | Got a faintly glowing chain mail
 60704 | Shoals:4 | Identified the +3 chain mail of Masochism {Stlth+} (You acquired it on level 4 of the Shoals)
 60767 | Shoals:4 | Found Schyhoot's Assorted Antiques.
 61168 | Shoals:5 | Entered Level 5 of the Shoals
 61168 | Shoals:5 | Noticed Ilsuiw
 61383 | Shoals:5 | Found a gateway to a bazaar.
 61425 | Bazaar   | Entered a bazaar
 61425 | Bazaar   | Found Straol's Magic Scroll Emporium.
 61450 | Bazaar   | Found Luxt's Gadget Shoppe.
 61457 | Bazaar   | Found Ydwaeseh's Distillery.
 61472 | Bazaar   | Found Koure's Gadget Shoppe.
 61487 | Bazaar   | Bought a potion of agility for 27 gold pieces
 61487 | Bazaar   | Bought a potion of invisibility for 60 gold pieces
 61487 | Bazaar   | Bought a potion of agility for 27 gold pieces
 61487 | Bazaar   | Bought a potion of agility for 27 gold pieces
 61487 | Bazaar   | Bought a potion of might for 27 gold pieces
 61487 | Bazaar   | Bought a potion of curing for 22 gold pieces
 61487 | Bazaar   | Bought a potion of curing for 22 gold pieces
 61487 | Bazaar   | Bought a potion of heal wounds for 33 gold pieces
 61487 | Bazaar   | Bought a potion of cancellation for 60 gold pieces
 61487 | Bazaar   | Bought a potion of agility for 27 gold pieces
 61538 | Bazaar   | Bought a scroll of recharging for 76 gold pieces
 61538 | Bazaar   | Bought a scroll of fog for 16 gold pieces
 61538 | Bazaar   | Bought a scroll of enchant armour for 60 gold pieces
 61538 | Bazaar   | Bought a scroll of teleportation for 24 gold pieces
 61538 | Bazaar   | Bought 2 scrolls of fog for 32 gold pieces
 61538 | Bazaar   | Bought a scroll of enchant armour for 60 gold pieces
 61538 | Bazaar   | Bought a scroll of amnesia for 28 gold pieces
 61538 | Bazaar   | Bought a scroll of magic mapping for 28 gold pieces
 61548 | Bazaar   | Identified a -1 rod of striking (10/10) (You found it on level 1 of the Shoals)
 61574 | Bazaar   | Bought a crystal ball of energy for 320 gold pieces
 63732 | Shoals:5 | Got a barnacled rune of Zot
 63786 | Shoals:5 | Got a heavily runed steel ring
 65152 | Shoals:5 | Killed Ilsuiw
 65163 | Shoals:5 | Identified the ring of Hoemum {SustAb rF+ Stlth++} (You took it off a merfolk aquamancer on level 5 of the Shoals)
 65831 | D:11     | Killed an unseen horror
 66903 | D:11     | Noticed a hell knight
 66910 | D:11     | Killed a necromancer
 66911 | D:11     | Noticed a hell knight
 66911 | D:11     | Killed a hell knight
 67056 | D:11     | Killed a hell knight
 67209 | D:11     | Killed a hell knight
 67370 | D:11     | Killed a hell knight
 67375 | D:11     | Killed a hell knight
 67501 | D:11     | Noticed a hell knight
 67509 | D:11     | Killed a hell knight
 67532 | D:11     | Got a polished ring mail
 67544 | D:11     | Identified the cursed -1 ring mail of Soiffog {Str+4 Dex+2 Int-1} (You found it on level 11 of the Dungeon)
 68161 | D:13     | Found a portal to a secret trove of treasure.
 68161 | D:13     | Noticed a centaur warrior
 68180 | D:13     | Killed a centaur warrior
 68374 | D:13     | Identified a +9 rod of inaccuracy (11/11) (You found it on level 5 of the Shoals)
 68406 | D:13     | Killed a purple ugly thing
 68574 | D:13     | Noticed a vault guard
 68864 | D:13     | Killed a vault guard
 68969 | D:13     | Noticed a vault guard
 69003 | D:13     | Killed a vault guard
 69079 | D:13     | Killed a centaur warrior
 69303 | D:13     | Noticed a centaur warrior
 69307 | D:13     | Killed a centaur warrior
 70463 | D:13     | Noticed a white ugly thing
 70468 | D:13     | Killed a green ugly thing
 70726 | D:13     | Noticed a vault guard
 70973 | D:13     | Noticed a vault guard
 70973 | D:13     | Noticed a vault guard
 70976 | D:13     | Noticed an orc sorcerer
 70980 | D:13     | Killed a vault guard
 71064 | D:13     | Killed a vault guard
 71564 | D:13     | Killed a white ugly thing
 71648 | D:13     | Killed an orc sorcerer
 71663 | D:13     | Killed a vault guard
 71668 | D:13     | Found a gate to the Vaults.
 72764 | D:14     | Found a shadowy altar of Dithmenos.
 73011 | D:14     | Noticed Sonja
 73016 | D:14     | Killed Sonja
 74218 | D:15     | Entered Level 15 of the Dungeon
 74741 | D:15     | Noticed Snorg
 74749 | D:15     | Killed Snorg
 74919 | D:15     | Reached XP level 18. HP: 103/152 MP: 6/37
 75771 | D:15     | Found a staircase to the Depths.
 76042 | D:15     | Reached skill level 5 in Earth Magic
 77848 | Spider:1 | Entered Level 1 of the Spider Nest
 77857 | Lair:5   | Learned a level 4 spell: Cause Fear
 78146 | Spider:1 | Noticed Nessos
 78150 | Spider:1 | Killed Nessos
 79241 | Spider:1 | Noticed Kirke
 79651 | Spider:1 | Noticed Donald
 79660 | Spider:1 | Killed Donald
 80154 | Spider:1 | Killed Kirke
 81588 | Spider:2 | Noticed Azrael
 81606 | Spider:2 | Killed Azrael
 81610 | Spider:2 | Noticed Arachne
 82162 | Spider:2 | Killed Arachne
 83430 | Spider:3 | Identified a +0 rod of shadows (10/10) (You found it on level 3 of the Spider Nest)
 85454 | Spider:3 | Found a roughly hewn altar of Beogh.
 86588 | Spider:4 | Noticed Aizul
 86597 | Spider:4 | Killed Aizul
 88213 | Spider:5 | Entered Level 5 of the Spider Nest
 88698 | Spider:5 | Reached XP level 19. HP: 160/160 MP: 27/38
 90353 | Spider:5 | Reached skill level 13 in Conjurations
 92646 | Spider:5 | Got a gossamer rune of Zot
 93934 | Vaults:1 | Entered Level 1 of the Vaults
 95416 | Vaults:1 | Upgraded the game from 0.15.0-31-geb66e34 to 0.15.0-34-g666c3a1
 95418 | Vaults:1 | Noticed Agnes
 95423 | Vaults:1 | Killed Agnes
 96295 | Vaults:1 | Got a fine trident
 96297 | Vaults:1 | Identified the +5 trident of Ligarool {flame, rF+} (You took it off an ogre mage on level 1 of the Vaults)
 98850 | Vaults:2 | Found Ylem's Distillery.
 98859 | Vaults:2 | Bought a potion of restore abilities for 36 gold pieces
 98859 | Vaults:2 | Bought a potion of curing for 24 gold pieces
 98859 | Vaults:2 | Bought a potion of haste for 84 gold pieces
 98859 | Vaults:2 | Bought a potion of haste for 84 gold pieces
 99151 | Vaults:2 | Reached skill level 10 in Stealth
 99982 | Vaults:2 | Hit by a large rock thrown by a stone giant

Action                   |  1- 3 |  4- 6 |  7- 9 | 10-12 | 13-15 | 16-18 | 19-21 || total
-------------------------+-------+-------+-------+-------+-------+-------+-------++-------
Melee: Unarmed           |    24 |       |       |       |       |       |       ||    24
       Short sword       |    95 |       |       |       |       |       |       ||    95
       Club              |     1 |       |       |       |       |       |       ||     1
       War axe           |    24 |    87 |       |       |       |       |       ||   111
       Cutlass           |       |     6 |   276 |   596 |   891 |   768 |   306 ||  2843
 Cast: Magic Dart        |    15 |    10 |    24 |   145 |   364 |   734 |   199 ||  1491
       Searing Ray       |       |    16 |    52 |    55 |     2 |       |       ||   125
       Dazzling Spray    |       |     4 |    63 |   201 |   390 |   445 |   351 ||  1454
       Iskenderun's Batt |       |       |       |    56 |   114 |   239 |    93 ||   502
       Iskenderun's Myst |       |       |       |    81 |   457 |   704 |   141 ||  1383
       Haste             |       |       |       |       |    32 |    37 |    14 ||    83
       Metabolic Englaci |       |       |       |       |     4 |       |     1 ||     5
       Flight            |       |       |       |       |     5 |    23 |     1 ||    29
       Blink             |       |       |       |       |     1 |       |       ||     1
       Lee's Rapid Decon |       |       |       |       |       |    87 |     8 ||    95
       Cause Fear        |       |       |       |       |       |       |     2 ||     2
 Abil: Evoke Invisibilit |       |       |       |       |       |     2 |     2 ||     4
Evoke: Wand              |       |     3 |     4 |    22 |    23 |    24 |    33 ||   109
       Sack of spiders   |       |       |       |       |       |     1 |     6 ||     7
       Crystal ball of e |       |       |       |       |       |    18 |     6 ||    24
  Use: Potion            |       |     2 |     4 |     9 |     7 |    23 |    28 ||    73
       Scroll            |       |     8 |    10 |    18 |    28 |    20 |     8 ||    92
 Stab: Sleeping          |     1 |       |     4 |     4 |    18 |     1 |       ||    28
       Invisible         |       |     1 |     7 |    19 |    25 |    27 |    10 ||    89
       Distracted        |       |       |       |       |     2 |     2 |     1 ||     5
       Fleeing           |       |       |       |       |     1 |       |       ||     1
  Eat: Chunk             |     4 |     7 |    26 |    61 |   133 |   112 |    37 ||   380
       Fruit             |       |     2 |       |       |       |    37 |       ||    39
       Pizza             |       |     1 |       |       |       |     2 |       ||     3
       Beef jerky        |       |     1 |       |       |       |       |       ||     1
       Meat ration       |       |       |       |       |       |     1 |       ||     1
